Map: Goldenaura LE

Players

hyperzealot - Winner!

  • Race: Zerg Zerg
  • League: Diamond
  • Spawn Location: 12:00

SubN

  • Race: Zerg Zerg
  • League: Diamond
  • Spawn Location: 5:00

VOD

Have the link to the VOD?

Description

Time

  • Played on: Jan. 22, 2024, 1:34 p.m.
  • Length: 7:14
Show
View Real Time Build Order
Export as new Build Order

hyperzealot Zerg - Winner!

Build Orders: Hatch First 

Get SALT Encoding   

  12  0:00  Drone  
  13  0:13  Overlord  
  13  0:17  Drone  
  14  0:32  Drone x2  
  16  0:36  Drone  
  17  0:54  Hatchery  
  16  0:58  Drone  
  17  1:11  Spawning Pool  
  16  1:15  Drone  
  18  1:18  Drone  
  18  1:22  Drone  
  19  1:30  Overlord  
  19  1:41  Drone  
  20  2:07  Queen  
  20  2:08  Queen  
  24  2:09  Zergling x4  
  24  2:11  Drone  
  24  2:15  Drone  
  28  2:18  Drone  
  29  2:24  Drone  
  30  2:31  Overlord  
  30  2:40  Drone x2  
  32  2:46  Queen  
  34  2:52  Drone x2  
  34  2:55  Extractor  
  34  2:56  Extractor  
  35  2:58  Drone  
  35  3:00  Drone  
  36  3:18  Drone x3  
  36  3:19  Drone x3  
  42  3:21  Drone x2  
  44  3:29  Evolution Chamber  
  44  3:30  Evolution Chamber  
  42  3:35  Roach Warren, Spine Crawler  
  40  3:42  Drone x3  
  43  3:54  Drone  
  44  3:56  Overlord x2  
  44  3:57  Lair  
  44  4:01  Extractor  
  43  4:03  Overlord x2  
  43  4:19  Drone x2  
  43  4:21  Zerg Missile Weapons Level 1  
  43  4:22  Drone  
  43  4:23  Drone x2  
  43  4:24  Drone  
  49  4:26  Roach x2  
  51  4:45  Roach  
  53  4:46  Roach x4  
  61  5:01  Roach x5  
  71  5:10  Overlord x2  
  71  5:11  Glial Reconstitution  
  71  5:24  Overlord x2  
  71  5:25  Roach  
  71  5:26  Roach  
  75  5:30  Roach  
  75  5:31  Roach x3  
  83  5:49  Hatchery  
  82  5:50  Roach x4  
  90  5:58  Overlord  
  90  6:00  Roach  
  90  6:01  Roach x4  
  100  6:13  Overlord x2  
  100  6:14  Overlord  
  100  6:46  Roach x5  
  100  6:47  Roach x4  
Show
View Real Time Build Order
Export as new Build Order

SubN Zerg 

Build Orders: Hatch First 

Get SALT Encoding   

  12  0:00  Drone  
  13  0:13  Overlord  
  13  0:17  Drone  
  14  0:31  Drone x2  
  16  0:51  Hatchery  
  16  0:54  Drone  
  16  0:57  Drone  
  16  1:00  Drone  
  18  1:11  Extractor  
  17  1:16  Spawning Pool  
  16  1:19  Drone  
  16  1:23  Drone  
  18  1:29  Drone  
  19  1:40  Overlord  
  19  1:50  Drone  
  20  2:03  Queen x2  
  20  2:06  Drone x2  
  26  2:11  Drone  
  26  2:14  Metabolic Boost  
  27  2:16  Drone  
  27  2:22  Drone  
  29  2:24  Drone  
  30  2:33  Overlord  
  30  2:37  Drone  
  31  2:44  Queen  
  31  2:48  Drone x2  
  35  2:54  Drone  
  35  2:56  Overlord  
  36  3:06  Drone  
  36  3:09  Pneumatized Carapace  
  37  3:14  Drone x4  
  37  3:16  Extractor  
  40  3:20  Drone x2  
  40  3:22  Roach Warren  
  41  3:27  Queen  
  41  3:34  Overlord  
  43  3:35  Drone  
  44  3:42  Drone  
  44  3:44  Drone  
  44  3:46  Drone x3  
  49  3:53  Lair  
  49  3:56  Overlord  
  49  3:59  Hatchery  
  48  4:03  Evolution Chamber  
  48  4:05  Evolution Chamber  
  46  4:14  Overlord  
  46  4:18  Roach x4  
  46  4:19  Roach  
  56  4:27  Drone x3  
  59  4:38  Drone x5  
  59  4:44  Ravager x2  
  66  4:48  Drone  
  66  4:49  Extractor  
  66  4:57  Drone  
  67  5:00  Extractor  
  67  5:01  Drone x2  
  67  5:04  Drone  
  67  5:05  Zerg Missile Weapons Level 1  
  69  5:19  Glial Reconstitution  
  69  5:21  Overlord x3  
  69  5:23  Drone x4  
  69  5:25  Queen  
  69  5:26  Extractor  
  74  5:36  Drone x8  
  82  5:46  Ravager  
  82  5:47  Ravager  
  84  5:53  Roach x3  
  90  5:57  Drone  
  90  5:58  Drone x2  
  90  5:59  Drone  
  94  6:13  Roach  
  94  6:14  Roach x5  
  94  6:17  Hatchery  
  105  6:19  Overlord x4  
  105  6:23  Overseer  
  105  6:27  Ravager  
  105  6:32  Overlord x2  
  106  6:37  Roach x6  
  106  6:38  Roach  
  120  6:45  Roach x4  
Tags
 
Add a new tag
Caveats
  • Supply blocks, unpowered buildings, or Contaminate may cause inaccurate times.
  • Supply counts are checked every 10 seconds.